 Dungeon Crawl Stone Soup version 0.20.0-15-g7f486f2 (webtiles) character file.

190341 tidbits the Warrior (level 18, -3/149 HPs)
             Began as a Barachi Skald on June 24, 2017.
             Was the Champion of Lugonu.
             Slain by an entropy weaver
             ... wielding a +0 hand axe
              (5 damage)
             ... on level 4 of the Spider Nest on June 25, 2017.
             The game lasted 04:28:12 (37878 turns).

tidbits the Warrior (Barachi Skald)                Turns: 37878, Time: 04:28:13

Health: -3/149     AC:  0    Str: 19    XL:     18   Next: 61%
Magic:  30/31      EV: 20    Int: 18    God:    Lugonu [******]
Gold:   1008       SH:  0    Dex: 15    Spells: 9/36 levels left

rFire    + + .     SeeInvis +   a - +3 scimitar (elec)
rCold    . . .     Gourm    .   (no shield)
rNeg     + . .     Faith    .   B - +0 swamp dragon scales
rPois    +         Spirit   .   E - +2 helmet {SInv}
rElec    +         Reflect  .   C - +0 cloak
rCorr    .         Harm     .   Q - +0 pair of gloves of the Devil {rElec rF+ rN+}
MR       ++...                  F - +0 pair of boots {Fly}
Stlth    +++.......             m - amulet of rage
Regen    0.4/turn               H - ring of protection from magic
MPRegen  0.3/turn               I - ring of Zophunk {+Inv Str+2}

@: corroded, slow
A: +LOS, swims, fangs 1, agile 1, clever 1, fire resistance 1, slowness 1,
strong legs 2
a: Hop, Depart the Abyss, Bend Space, Banish, Corrupt, Enter the Abyss, Renounce
Religion, Evoke Berserk Rage, Evoke Invisibility, Evoke Flight


You were on level 4 of the Spider Nest.
You worshipped Lugonu.
Lugonu was exalted by your worship.
You were not hungry.

You visited 6 branches of the dungeon, and saw 31 of its levels.
You also visited: Ice Cave.

You collected 3278 gold pieces.
You spent 2270 gold pieces at shops.

Inventory:

Hand Weapons
 a - a +3 scimitar of electrocution (weapon)
 b - the +6 shortbow "Xeshisake" {flame, rPois Int+4 Dex+2}
   (You found it on level 5 of the Lair of Beasts)

   It causes projectiles fired from it to burn those they strike, causing extra
   injury to most foes and up to half again as much damage against particularly
   susceptible opponents.
   It affects your intelligence (+4).
   It affects your dexterity (+2).
   It protects you from poison.
 d - a +1 dagger of speed
 q - a +3 quick blade of distortion
Missiles
 c - 9 stones (quivered)
 T - 540 arrows
Armour
 B - +0 swamp dragon scales (worn)
 C - a +0 cloak (worn)
 E - a +2 helmet of see invisible (worn)
 F - a +0 pair of boots of flying (worn)
 Q - the +0 pair of gloves of the Devil (worn) {rElec rF+ rN+}
   (You found it on level 15 of the Dungeon)

   It protects you from fire.
   It insulates you from electricity.
   It protects you from negative energy.
Jewellery
 m - an amulet of rage (around neck)
 y - an uncursed ring of protection from cold
 H - a ring of protection from magic (left hand)
 I - the ring of Zophunk (right hand) {+Inv Str+2}
   (You bought it in a shop on level 9 of the Dungeon)

   [ring of strength]

   It affects your strength (+2).
   It lets you turn invisible.
 K - an uncursed ring of resist corrosion
 U - a +4 ring of protection
Wands
 g - a wand of digging (4/24)
 h - a wand of acid (12/15)
 p - a wand of paralysis (10/24)
 t - a wand of disintegration (14/24)
 z - a wand of iceblast (6/15)
 W - a wand of scattershot (3/9)
Scrolls
 e - a scroll of enchant armour
 k - 2 scrolls of fear
 r - 12 scrolls of remove curse
 w - 3 scrolls of amnesia
 x - 3 scrolls of blinking
 L - 7 scrolls of teleportation
 S - 4 scrolls of fog
Potions
 i - a potion of mutation {!q}
 j - 2 potions of cancellation
 l - 3 potions of ambrosia
 n - 2 potions of might
 u - 2 potions of magic
 A - 2 potions of agility
 J - a potion of berserk rage
 M - 5 potions of haste
 N - 4 potions of heal wounds
 Y - 10 potions of curing
 Z - 2 potions of resistance
Miscellaneous
 o - a lightning rod (4/4)
 v - a box of beasts
 D - a fan of gales
 X - 2 sacks of spiders
Comestibles
 O - 6 bread rations


   Skills:
 + Level 15.5 Fighting
 - Level 14.1 Long Blades
 - Level 6.7 Bows
 - Level 14.6 Armour
 - Level 14.0 Dodging
 - Level 7.3 Stealth
 - Level 9.8 Spellcasting
 - Level 5.0 Hexes
 - Level 7.4 Charms
 - Level 3.0 Necromancy
 - Level 6.0 Translocations
 - Level 5.2 Transmutations
 - Level 3.9 Earth Magic
 - Level 10.7 Invocations
 - Level 6.2 Evocations


You had 9 spell levels left.
You knew the following spells:

 Your Spells              Type           Power        Failure   Level  Hunger
a - Apportation           Tloc           ####..       1%          1    None
c - Confuse               Hex            ####....     4%          3    None
g - Shroud of Golubria    Chrm/Tloc      ####......   1%          2    None
i - Infusion              Chrm           ####         1%          1    None
k - Sticks to Snakes      Tmut           ####....     1%          2    None
n - Animate Skeleton      Necr           N/A          3%          1    None
p - Passwall              Tmut/Erth      ####......   2%          2    None
r - Regeneration          Chrm/Necr      ####......   4%          3    None
t - Confusing Touch       Hex            ####..       1%          1    None
u - Tukima's Dance        Hex            ####....     4%          3    None
w - Spectral Weapon       Hex/Chrm       ####....     2%          3    None
z - Corona                Hex            ####...      1%          1    None
P - Passage of Golubria   Tloc           N/A          10%         4    ###....


Dungeon Overview and Level Annotations

Branches:
Dungeon (15/15)            Temple (1/1) D:7            Lair (6/6) D:8
  Swamp (3/4) Lair:4       Spider (4/4) Lair:4        Slime (0/5) Lair:6
    Orc (2/2) D:9             Elf (0/3) Orc:2        Vaults (0/5) D:13
 Depths (0/5) D:15

Altars:
Ashenzari
Cheibriados
Dithmenos
Elyvilon
Fedhas
Gozag
Hepliaklqana
Kikubaaqudgha
Makhleb
Nemelex Xobeh
Okawaru
Qazlal
Ru
Sif Muna
Trog
Uskayaw
Vehumet
Xom
Yredelemnul
Zin
The Shining One
Beogh
Lugonu

Shops:
D:6 *   D:9 =   D:13 *(%*(   Orc:2 =([[

Annotations:
Lair:6 corrupted
Abyss:1 Louise, Rupert


Innate Abilities, Weirdness & Mutations

Shadows flee at your approach. (+LOS)
You can swim through water.
You cover ground slowly.
You can hop longer distances.
You have very sharp teeth.
You are agile. (Dex +2)
Your mind is acute. (Int +2)
Your flesh is heat resistant. (rF+)


Message History

The soldier ant barely misses you.
The entropy weaver completely misses you.
The entropy weaver hits you with a hand axe!!
The entropy weaver hits you with a hand axe!
The entropy weaver hits you with a hand axe!!
* * * LOW HITPOINT WARNING * * *
The tarantella bites you!
* * * LOW HITPOINT WARNING * * *
You hit the entropy weaver but do no damage.
Lightning courses through the entropy weaver!
You bite the entropy weaver, but do no damage.
The entropy weaver is almost dead.
The tarantella completely misses you. The soldier ant misses you.
The entropy weaver closely misses you.
The entropy weaver hits you with a hand axe!
* * * LOW HITPOINT WARNING * * *
The entropy weaver hits you with a hand axe.
* * * LOW HITPOINT WARNING * * *
The entropy weaver hits you with a hand axe.
You die...

....^..........
#........(..(. #..........^.
#........(.. #..........
#.......s# #....(...# ...
#....saa.# #...
#..^..@.###....
##.......^......
#.^.............
##............#.. #
#...........^### #####
##^.............######..#^
#................^.^......
###......................[..
#..........^^...##.####.....


You could see an entropy weaver, an orb spider, a soldier ant and a tarantella.

Vanquished Creatures
  Arachne (Spider:4)
  2 Ice Fiends (IceCv)
  Kirke (Spider:3)
  2 thorn hunters (Swamp:3)
  3 ghost moths
  8 emperor scorpions
  An orc warlord (Orc:2)
  8 entropy weavers
  A dire elephant (D:15)
  A vampire knight (D:14)
  A spark wasp (Spider:2)
  An ogre mage (D:15)
  7 hydras
  3 centaur warriors
  A death knight (D:14)
  The ghost of shugdite the Protected, a novice MiFi of Okawaru (D:8)
  A queen ant (Spider:4)
  4 alligators
  6 two-headed ogres
  2 orc high priests (Orc:2)
  A vampire mage (D:14)
  Sonja (D:10)
  2 unseen horrors
  A wizard (D:13)
  An unseen horror (shapeshifter) (D:14)
  5 swamp dragons
  A spriggan druid (Swamp:3)
  4 orc knights
  39 wolf spiders
  3 orc sorcerers
  2 deep elf magi (D:12)
  2 ugly things
  4 oklob plants (Lair:6)
  22 orb spiders
  18 slime creatures
  5 cyclopes
  2 manticores
  2 moths of wrath
  6 black mambas
  Maurice (Orc:2)
  A centaur zombie (D:12)
  3 ice statues
  22 spiny frogs
  A torpor snail (Spider:4)
  8 komodo dragons
  10 demonic crawlers
  A freezing wraith (D:15)
  A rime drake (Lair:6)
  4 yaktaurs (D:15)
  13 ice devils (IceCv)
  9 hornets
  Prince Ribbit (D:6)
  5 trolls
  6 tyrant leeches
  45 jumping spiders
  22 blink frogs
  A dream sheep (Lair:2)
  4 bog bodies
  11 hippogriffs
  Grinder (D:4)
  A spriggan (D:8)
  A shadow (D:12)
  17 flying skulls (D:14)
  7 vampires (D:14)
  A water elemental (Orc:2)
  90 redbacks
  3 wyverns
  6 basilisks
  56 tarantellas
  A wraith (D:10)
  26 yaks
  2 hogs (Spider:4)
  10 vampire mosquitoes
  A soldier ant (shapeshifter) (D:13)
  Menkaure (D:4)
  8 swamp worms
  A warg (D:9)
  An acid dragon (D:13)
  23 soldier ants
  16 porcupines
  2 swamp drakes
  6 water moccasins
  33 orc warriors
  4 ice beasts
  3 phantoms
  4 sky beasts
  2 necrophages
  14 ogres
  20 crocodiles
  47 wolves
  10 centaurs
  35 bullfrogs
  A gnoll sergeant (D:4)
  2 wyvern skeletons
  34 scorpions
  9 killer bees
  An electric eel (Lair:6)
  16 wights
  A howler monkey (D:14)
  2 lava snakes (D:14)
  A bullfrog zombie (D:7)
  13 crimson imps
  A quasit (D:8)
  3 hounds
  7 human zombies (D:14)
  27 orc wizards
  4 centaur skeletons
  17 orc priests
  2 jellies
  A bullfrog skeleton (D:11)
  10 iguanas
  26 worker ants
  A hound zombie (D:8)
  A worker ant zombie (D:10)
  14 gnolls
  11 adders
  A river rat (D:14)
  7 shadow imps
  8 white imps (IceCv)
  4 ufetubi (IceCv)
  An ooze (D:3)
  5 worms
  2 dart slugs (D:1)
  9 leopard geckos
  100 orcs
  11 giant cockroaches
  4 goblins
  4 hobgoblins
  14 jackals
  7 kobolds
  4 quokkas
  2 ball pythons
  11 bats
  5 frilled lizards
  A jackal zombie (D:7)
  A leopard gecko skeleton (D:5)
  11 rats
  A spectral weapon (Spider:3)
1216 creatures vanquished.

Vanquished Creatures (collateral kills)
  A hydra (Swamp:3)
  2 alligators (Swamp:2)
  A swamp dragon (Swamp:3)
  A necromancer (D:13)
  2 spiny frogs
  A komodo dragon (Lair:1)
  3 blink frogs (Lair:6)
  3 slime creatures
  3 dream sheep (Lair:2)
  A redback (Spider:4)
  2 vampire mosquitoes
  A water moccasin (Lair:2)
  2 orc warriors
  2 swamp drakes (Swamp:3)
  A phantom (D:8)
  A bullfrog (Lair:2)
  A gnoll sergeant (D:13)
  A scorpion (D:6)
  A wight (D:7)
  5 crimson imps (D:11)
  An orc priest (Orc:2)
  A hound (D:10)
  A leopard gecko (D:5)
  3 orcs
  4 fungi
  A plant (Lair:2)
46 creatures vanquished.

Vanquished Creatures (others)
  2 hydras
  A tengu warrior (D:13)
  A wolf spider (Spider:4)
  2 spiny frogs (Lair:6)
  A polar bear (Lair:6)
  A hippogriff (Lair:6)
  2 tyrant leeches (Lair:6)
  A blink frog (Lair:6)
  A tarantella (Spider:4)
  A vampire (D:12)
  3 humans (Spider:4)
  A basilisk (Lair:6)
  2 vampire mosquitoes (Lair:6)
  A bullfrog (Lair:6)
  3 white imps (IceCv)
  3 ufetubi (IceCv)
  14 fungi
  54 plants
  59 spectral weapons
  4 starspawn tentacles (Lair:6)
157 creatures vanquished.

Grand Total: 1419 creatures vanquished

Notes
Turn   | Place    | Note
-------+----------+-------------------------------------------
     0 | D:1      | tidbits the Barachi Skald began the quest for the Orb.
     0 | D:1      | Reached XP level 1. HP: 17/17 MP: 3/3
   347 | D:1      | Reached XP level 2. HP: 19/23 MP: 0/5
   351 | D:1      | Learned a level 2 spell: Shroud of Golubria
  1030 | D:1      | Reached XP level 3. HP: 25/28 MP: 3/6
  1828 | D:2      | Reached skill level 5 in Long Blades
  1936 | D:2      | Reached XP level 4. HP: 33/34 MP: 4/7
  2094 | D:2      | Learned a level 3 spell: Spectral Weapon
  2547 | D:2      | Found a bloodstained altar of Trog.
  2613 | D:2      | Found a sparkling altar of Nemelex Xobeh.
  3013 | D:3      | Reached XP level 5. HP: 35/39 MP: 4/8
  3552 | D:2      | Learned a level 2 spell: Sticks to Snakes
  4230 | D:4      | Noticed Grinder
  4233 | D:4      | Reached XP level 6. HP: 35/46 MP: 3/9
  4238 | D:4      | Noticed Menkaure
  4447 | D:3      | Gained mutation: You have very sharp teeth. [potion of mutation]
  4447 | D:3      | Gained mutation: You are agile. (Dex +2) [potion of mutation]
  4447 | D:3      | Gained mutation: Your mind is acute. (Int +2) [potion of mutation]
  4447 | D:3      | Gained mutation: Your flesh is heat resistant. (rF+) [potion of mutation]
  4542 | D:4      | Killed Menkaure
  4542 | D:4      | Reached skill level 3 in Fighting
  4630 | D:4      | Reached XP level 7. HP: 22/52 MP: 1/10
  4876 | D:4      | Found a white marble altar of Elyvilon.
  4963 | D:4      | Paralysed by Grinder for 4 turns
  4977 | D:4      | Killed Grinder
  4977 | D:4      | Reached skill level 4 in Fighting
  5034 | D:4      | Found a basalt altar of Yredelemnul.
  5052 | D:4      | Learned a level 1 spell: Animate Skeleton
  5285 | D:5      | Entered Level 5 of the Dungeon
  5286 | D:5      | Found a sparkling altar of Nemelex Xobeh.
  5487 | D:5      | Reached skill level 1 in Hexes
  5487 | D:5      | Reached skill level 1 in Transmutations
  5549 | D:5      | Reached XP level 8. HP: 34/61 MP: 2/11
  5777 | D:5      | Reached skill level 1 in Necromancy
  6311 | D:5      | Found a deep blue altar of Sif Muna.
  6825 | D:6      | Noticed Prince Ribbit
  6838 | D:5      | Learned a level 1 spell: Confusing Touch
  6953 | D:6      | Found a hazy altar of Hepliaklqana.
  7146 | D:6      | Found a burning altar of Makhleb.
  7157 | D:6      | Reached skill level 5 in Fighting
  7178 | D:6      | Found Zin's Purification Station.
  7180 | D:6      | Found a glowing silver altar of Zin.
  7444 | D:6      | Killed Prince Ribbit
  7580 | D:6      | Reached XP level 9. HP: 62/69 MP: 4/12
  7761 | D:6      | Reached skill level 10 in Long Blades
  7914 | D:7      | Reached skill level 6 in Fighting
  8260 | D:7      | Found a staircase to the Ecumenical Temple.
  8406 | D:8      | Found a staircase to the Lair.
  8708 | D:8      | Reached skill level 7 in Fighting
  8733 | D:8      | Noticed shugdite's ghost (novice MiFi)
  8748 | D:8      | Killed shugdite's ghost
  8748 | D:8      | Reached skill level 5 in Spellcasting
  8748 | D:8      | Reached XP level 10. HP: 37/79 MP: 8/18
  8753 | D:8      | Learned a level 3 spell: Regeneration
  8868 | D:8      | Found a burning altar of Makhleb.
  8868 | D:8      | Found a snail-covered altar of Cheibriados.
  8868 | D:8      | Found a shattered altar of Ashenzari.
  9124 | D:8      | You fall through a shaft for 3 floors!
  9124 | D:11     | Found a flagged portal.
  9124 | D:11     | Noticed a five-headed hydra
  9148 | D:10     | Entered Level 10 of the Dungeon
  9276 | D:9      | Found a shimmering altar of Xom.
  9325 | Temple   | Entered the Ecumenical Temple
  9359 | Temple   | Became a worshipper of Lugonu the Unformed
  9359 | Temple   | Reached * piety under Lugonu
  9466 | D:8      | Found a hide-covered altar of Uskayaw.
  9785 | D:9      | Reached skill level 1 in Invocations
  9918 | D:9      | Found Qivvialo's Jewellery Shop.
 10028 | D:9      | Found a glowing golden altar of the Shining One.
 10028 | D:9      | Found an iron altar of Okawaru.
 10081 | D:9      | Found a staircase to the Orcish Mines.
 10430 | D:10     | Noticed Sonja
 10454 | D:10     | Killed Sonja
 10454 | D:10     | Reached skill level 5 in Invocations
 10518 | D:10     | Learned a level 1 spell: Apportation
 10549 | D:10     | Reached ** piety under Lugonu
 10578 | D:10     | Reached XP level 11. HP: 35/86 MP: 12/19
 10836 | D:10     | Learned a level 1 spell: Corona
 11036 | D:11     | Reached skill level 1 in Translocations
 11041 | D:11     | Reached *** piety under Lugonu
 11132 | D:12     | Noticed a centaur warrior
 11383 | D:11     | Reached skill level 1 in Evocations
 11581 | D:12     | Killed a centaur warrior
 11588 | D:12     | Reached skill level 5 in Evocations
 11735 | D:12     | Noticed a deep elf mage
 11743 | D:12     | Killed a deep elf mage
 11774 | D:12     | Reached skill level 8 in Fighting
 12026 | D:12     | Noticed a cyclops
 12032 | D:12     | Killed a cyclops
 12105 | D:12     | Noticed a deep elf mage
 12108 | D:12     | Killed a deep elf mage
 12354 | D:12     | Reached XP level 12. HP: 90/94 MP: 12/20
 12374 | D:12     | Reached skill level 9 in Fighting
 12393 | D:12     | Reached **** piety under Lugonu
 13098 | D:13     | Reached skill level 5 in Armour
 13128 | D:13     | Found Awiehoe's Food Shop.
 13155 | D:13     | Noticed a tengu warrior
 13222 | D:13     | Banished a tengu warrior
 13419 | D:13     | Found Qucheuc's General Store.
 13429 | D:13     | Bought a +4 ring of protection for 576 gold pieces
 13429 | D:13     | Bought a scroll of identify for 32 gold pieces
 13483 | D:13     | Noticed a two-headed ogre
 13483 | D:13     | Noticed a two-headed ogre
 13512 | D:13     | Killed a two-headed ogre
 13514 | D:13     | Killed a two-headed ogre
 13524 | D:13     | Reached skill level 5 in Charms
 13577 | D:13     | Found a gate to the Vaults.
 13612 | D:13     | Reached skill level 5 in Dodging
 13664 | D:13     | Found Majiv's Antique Weapon Boutique.
 13744 | D:13     | Found Ytileume's General Store.
 13931 | D:13     | Found Nieqoq's Antique Weapon Shop.
 14288 | Lair:1   | Entered Level 1 of the Lair of Beasts
 14342 | Lair:1   | Found a sacrificial altar of Ru.
 14521 | Lair:1   | Noticed a six-headed hydra
 14551 | Lair:1   | Killed a six-headed hydra
 14551 | Lair:1   | Gained mutation: You can hop longer distances. [Barachi growth]
 14551 | Lair:1   | Reached XP level 13. HP: 62/101 MP: 18/21
 14553 | Lair:1   | HP: 2/101 [komodo dragon (24)]
 14987 | Lair:1   | Got a brightly glowing scale mail
 15006 | Lair:1   | Identified the cursed +0 scale mail of Vehumet's Outrage {Int-5 Slay+6} (You found it on level 1 of the Lair of Beasts)
 15474 | Lair:2   | Reached ***** piety under Lugonu
 16177 | Lair:3   | Reached skill level 10 in Fighting
 16202 | Lair:3   | Noticed Rupert
 16607 | Orc:1    | Entered Level 1 of the Orcish Mines
 16731 | Orc:2    | Entered Level 2 of the Orcish Mines
 16731 | Orc:2    | Found a staircase to the Elven Halls.
 16877 | Orc:2    | Found a roughly hewn altar of Beogh.
 16924 | Orc:2    | Noticed Maurice
 16951 | Orc:2    | Killed Maurice
 16951 | Orc:2    | Reached skill level 10 in Armour
 17045 | Orc:2    | Found a roughly hewn altar of Beogh.
 17045 | Orc:2    | Found Edoqin's Jewellery Shoppe.
 17472 | Orc:2    | Found a roughly hewn altar of Beogh.
 17584 | Orc:2    | Found a roughly hewn altar of Beogh.
 17618 | Orc:2    | Found Rihim's Armour Shop.
 17623 | Orc:2    | Bought a +0 pair of boots of flying for 149 gold pieces
 17800 | Orc:2    | Found a roughly hewn altar of Beogh.
 17814 | Orc:2    | Reached ****** piety under Lugonu
 17931 | Orc:2    | Found a roughly hewn altar of Beogh.
 17989 | Orc:2    | Found a roughly hewn altar of Beogh.
 18116 | Orc:2    | Noticed an orc warlord
 18263 | Orc:2    | Killed an orc warlord
 18360 | Orc:2    | Found a roughly hewn altar of Beogh.
 18361 | Orc:2    | Found Suam's Antique Armour Emporium.
 18493 | Orc:2    | Found Vanuoq's Antique Weapon Shoppe.
 18619 | Orc:2    | Bought a +0 helmet of see invisible for 149 gold pieces
 18697 | Orc:2    | Reached XP level 14. HP: 78/110 MP: 20/22
 18728 | Orc:2    | Bought the ring of Biaj {+Fly rPois Str+2 Dex+2} for 593 gold pieces
 19563 | Lair:4   | Found a staircase to the Swamp.
 19821 | Lair:4   | Reached skill level 11 in Fighting
 19862 | Lair:4   | Found a hole to the Spider Nest.
 20308 | Lair:5   | Found a glowing silver altar of Zin.
 20760 | Lair:5   | Banished Rupert
 20856 | Lair:5   | Got a polished shortbow
 20857 | Lair:5   | Identified the +6 shortbow "Xeshisake" {flame, rPois Int+4 Dex+2} (You found it on level 5 of the Lair of Beasts)
 21035 | Lair:6   | Entered Level 6 of the Lair of Beasts
 21149 | Lair:6   | Found a staircase to the Slime Pits.
 21322 | Lair:6   | Reached skill level 10 in Invocations
 21637 | Lair:6   | Reached skill level 12 in Fighting
 21769 | Lair:6   | Reached XP level 15. HP: 121/121 MP: 23/23
 21838 | Lair:6   | Corrupted Lair:6
 21838 | Lair:6   | Noticed a tentacled starspawn
 22227 | Spider:1 | Entered Level 1 of the Spider Nest
 22233 | Lair:4   | Reached skill level 1 in Bows
 22358 | Swamp:1  | Entered Level 1 of the Swamp
 23010 | Swamp:2  | Noticed Louise
 23059 | Swamp:2  | Banished Louise
 23059 | Swamp:2  | Reached skill level 5 in Bows
 23780 | Swamp:3  | Noticed a thorn hunter
 23800 | Swamp:3  | Killed a thorn hunter
 23800 | Swamp:3  | Reached skill level 13 in Fighting
 23840 | Swamp:3  | Noticed a thorn hunter
 24147 | Swamp:3  | Killed a thorn hunter
 24147 | Swamp:3  | Reached skill level 14 in Fighting
 24506 | D:13     | Bought a glowing scimitar for 252 gold pieces
 24576 | D:13     | Bought a triple sword for 240 gold pieces
 25010 | D:14     | Found a basalt altar of Yredelemnul.
 25025 | D:14     | Paralysed by a vampire knight for 3 turns
 25535 | D:14     | Reached skill level 15 in Fighting
 25580 | D:14     | Reached skill level 10 in Dodging
 25993 | D:14     | Reached XP level 16. HP: 136/136 MP: 24/24
 26190 | D:15     | Entered Level 15 of the Dungeon
 26365 | D:15     | Found a staircase to the Depths.
 26874 | D:15     | Learned a level 3 spell: Tukima's Dance
 27040 | D:15     | Got a pair of polished gloves
 27052 | D:15     | Identified the +0 pair of gloves of the Devil {rElec rF+ rN+} (You found it on level 15 of the Dungeon)
 27689 | D:9      | Bought the ring of Zophunk {+Inv Str+2} for 279 gold pieces
 27726 | Lair:1   | Learned a level 2 spell: Passwall
 27731 | Lair:1   | Learned a level 4 spell: Passage of Golubria
 29086 | Spider:2 | Reached skill level 5 in Hexes
 29116 | Spider:2 | Reached skill level 1 in Earth Magic
 29282 | Spider:2 | Found a frozen archway.
 29288 | IceCv    | Entered an ice cave
 29562 | IceCv    | Noticed an Ice Fiend
 29562 | IceCv    | Noticed an Ice Fiend
 29629 | IceCv    | Killed an Ice Fiend
 29751 | IceCv    | Got an ancient iron ring
 29968 | IceCv    | Killed an Ice Fiend
 29968 | IceCv    | Reached skill level 5 in Transmutations
 30051 | IceCv    | Identified the ring of Ipommaeg {rN+ Str+2} (You found it in an ice cave)
 30186 | Spider:2 | Reached XP level 17. HP: 124/142 MP: 20/25
 30188 | Spider:2 | Reached skill level 5 in Translocations
 33774 | Spider:1 | Identified a +3 quick blade of distortion (a +1 quick blade of freezing corrupted by Lugonu)
 33774 | Spider:1 | Received a gift from Lugonu
 34079 | D:15     | Learned a level 3 spell: Confuse
 34409 | Spider:4 | Entered Level 4 of the Spider Nest
 34439 | Spider:4 | Reached skill level 1 in Stealth
 34983 | Spider:4 | Noticed Kirke
 35122 | Spider:4 | Noticed Arachne
 35485 | Spider:4 | Reached XP level 18. HP: 125/149 MP: 10/28
 35546 | Spider:4 | Reached skill level 5 in Stealth
 36282 | Spider:3 | Killed Kirke
 36590 | Spider:4 | Killed Arachne
 37878 | Spider:4 | HP: 2/149 [entropy weaver/hand axe (6)]
 37878 | Spider:4 | Slain by an entropy weaver

Skill      XL: |  1  2  3  4  5  6  7  8  9 10 11 12 13 14 15 16 17 18 |
---------------+-------------------------------------------------------+-----
Long Blades    | 3 4 5 6 7 8 9 11 12 13 14 | 14.1
Armour         | 4 8 12 14 | 14.6
Fighting       | 3 4 5 7 8 9 10 12 15 | 15.5
Hexes          | 2 5 |  5.0
Transmutations | 2 5 |  5.2
Necromancy     | 3 |  3.0
Spellcasting   | 5 6 9 |  9.8
Invocations    | 6 8 10 | 10.7
Translocations | 2 4 6 |  6.0
Evocations     | 5 6 |  6.2
Dodging        | 6 8 9 10 12 14 | 14.0
Charms         | 5 7 |  7.4
Bows           | 6 |  6.7
Earth Magic    | 3 |  3.9
Stealth        | 4 7 |  7.3

Action                   |  1- 3 |  4- 6 |  7- 9 | 10-12 | 13-15 | 16-18 || total
-------------------------+-------+-------+-------+-------+-------+-------++-------
Melee: Falchion          |    98 |   135 |   197 |       |       |       ||   430
       Bite              |       |     3 |    34 |    72 |   159 |   222 ||   490
       Scimitar          |       |       |    47 |   418 |  1157 |  1161 ||  2783
       Dagger            |       |       |       |       |       |    88 ||    88
       Quick blade       |       |       |       |       |       |    16 ||    16
 Fire: Shortbow          |       |       |       |       |   119 |   263 ||   382
Throw: Stone             |       |       |       |     1 |       |     1 ||     2
 Cast: Infusion          |    26 |    11 |     1 |       |       |       ||    38
       Shroud of Golubri |     5 |     3 |    13 |    20 |    26 |    11 ||    78
       Spectral Weapon   |       |    18 |    49 |    71 |   155 |   151 ||   444
       Sticks to Snakes  |       |       |    10 |     6 |     4 |     1 ||    21
       Animate Skeleton  |       |       |    12 |    38 |    38 |     6 ||    94
       Confusing Touch   |       |       |     2 |       |       |       ||     2
       Regeneration      |       |       |       |    47 |    63 |   143 ||   253
       Apportation       |       |       |       |     7 |    26 |    54 ||    87
       Corona            |       |       |       |     7 |    14 |     1 ||    22
       Confuse           |       |       |       |       |       |    14 ||    14
       Passwall          |       |       |       |       |       |     1 ||     1
Invok: Banish            |       |       |       |     3 |    10 |       ||    13
       Bend Space        |       |       |       |     1 |     1 |     8 ||    10
       Corrupt           |       |       |       |       |     1 |       ||     1
       Brand Weapon With |       |       |       |       |       |     1 ||     1
 Abil: Hop               |     1 |     3 |     4 |     7 |     8 |     6 ||    29
       Stop Flying       |       |       |       |       |     2 |     1 ||     3
       Evoke Flight      |       |       |       |       |     1 |     1 ||     2
       Evoke Invisibilit |       |       |       |       |       |    30 ||    30
       Evoke Berserk Rag |       |       |       |       |       |     2 ||     2
Evoke: Wand              |       |       |     5 |     8 |     6 |    16 ||    35
       Lightning rod     |       |       |       |       |     4 |       ||     4
       Box of beasts     |       |       |       |       |     1 |       ||     1
  Use: Scroll            |     2 |     7 |     5 |     8 |    20 |    14 ||    56
       Potion            |       |     5 |     4 |     3 |     6 |     3 ||    21
 Stab: Distracted        |       |     3 |     1 |     5 |     6 |    11 ||    26
       Paralysed         |       |       |       |       |     1 |    11 ||    12
       Invisible         |       |       |       |       |       |   123 ||   123
       Sleeping          |       |       |       |       |       |     1 ||     1
  Eat: Chunk             |     5 |     6 |    17 |    21 |    41 |    33 ||   123
       Fruit             |       |     2 |       |       |       |       ||     2
       Bread ration      |       |     1 |     1 |     1 |     1 |     9 ||    13
       Royal jelly       |       |       |     1 |     3 |     3 |     1 ||     8
       Meat ration       |       |       |       |       |     2 |       ||     2
Armor: Leather armour    |    19 |    11 |       |       |       |       ||    30
       Ring mail         |       |    23 |    77 |   175 |   269 |       ||   544
       Skin              |       |       |    11 |       |       |       ||    11
       Swamp dragon scal |       |       |       |       |   171 |   592 ||   763
       Ice dragon scales |       |       |       |       |       |     4 ||     4
Dodge: Dodged            |    65 |    78 |   102 |   251 |   780 |  1635 ||  2911
       Rpst.: Falchion   |    22 |    18 |    24 |       |       |       ||    64
       Scimitar          |       |       |     1 |    72 |   202 |   286 ||   561
